[Event "Titled Tuesday Blitz August 16 Late 2022"]
[White "Rosenberg, Evan S"]
[Black "Bochnicka, Vladimir"]
[WhiteFideId "2019299"]
[BlackFideId "14943450"]
[WhiteElo "1999"]
[BlackElo "1939"]
[Result "0-1"]
[Round "09"]
[TimeControl "180+1"]
[Date "2022.08.18"]
[WhiteClock "0:00:00"]
[BlackClock "0:00:00"]

1. e4 c5 2. Nc3 Nc6 3. f4 g6 4. Nf3 Bg7 5. a4 d6 6. Bb5 Bd7 7. d3 Nd4 8. O-O a6 9. Bxd7+ Qxd7 10. Nd5 Qd8 11. f5 Nf6 12. Nxd4 Nxd5 13. exd5 Bxd4+ 14. Kh1 Qd7 15. c3 Bf6 16. Bh6 gxf5 17. Qh5 Rg8 18. Rxf5 O-O-O 19. Raf1 Qxa4 20. Qxf7 Qc2 21. R5f2 Qxd3 22. Bf4 Kb8 23. Bg3 Ka8 24. Rf3 Qb5 25. Qxh7 Rxg3 26. hxg3 Rh8 27. Qxh8+ Bxh8 28. Rf8+ Ka7 29. R1f2 Bf6 30. g4 Qc4 31. g5 Qh4+ 32. Kg1 Qxg5 33. Rf7 Qg8 34. R2xf6 exf6 35. Rxf6 Qxd5 36. Rf3 Qd1+ 37. Kh2 d5 38. Kg3 d4 39. cxd4 cxd4 40. Kf4 d3 41. Ke3 Qe2+ 42. Kd4 d2 43. Rd3 d1=N 44. g3 Qxd3+ 45. Kxd3 Nxb2+ 46. Kd4 Nd1 47. g4 Nf2 48. g5 Nh3 49. g6 Nf4 0-1


[Site "https://www.chess.com"]

[Event "Titled Tuesday Blitz August 16 Late 2022"]
[White "Sarkar, Justin"]
[Black "Lopez Perdomo, Juan David"]
[WhiteFideId "2010011"]
[BlackFideId "4405137"]
[WhiteElo "2076"]
[BlackElo "1965"]
[Result "1-0"]
[Round "09"]
[TimeControl "180+1"]
[Date "2022.08.18"]
[WhiteClock "0:00:00"]
[BlackClock "0:00:00"]

1. d4 c5 2. d5 e6 3. Nc3 exd5 4. Nxd5 d6 5. e4 Nf6 6. Bg5 Be7 7. Bb5+ Nc6 8. Bxf6 Bxf6 9. c3 O-O 10. Ne2 a6 11. Ba4 b5 12. Bc2 Re8 13. O-O Bb7 14. Nef4 Be5 15. Nd3 Ne7 16. f4 Nxd5 17. exd5 Bf6 18. Qf3 c4 19. Nf2 Qb6 20. Rad1 Qc5 21. Kh1 Re3 22. Ne4 Qb6 23. Nxf6+ gxf6 24. Qg4+ Kf8 25. Qf5 Rae8 26. Qxh7 Ke7 27. Qh6 Qd8 28. Bf5 Rh8 29. Qg7 Rh5 30. Rde1 Rxf5 31. Rxe3+ Kd7 32. Qxf7+ Kc8 33. Re8 Bxd5 34. Rxd8+ Kxd8 35. Qf8+ Kd7 36. Re1 Kc6 37. Re7 Rxf4 38. Qc8+ Kb6 39. Qc7# 1-0


[Site "https://www.chess.com"]

[Event "Titled Tuesday Blitz August 16 Late 2022"]
[White "Shapiro, Daniel"]
[Black "Lehtosaari, Mauri"]
[WhiteFideId "2001780"]
[BlackFideId "501999"]
[WhiteElo "2284"]
[BlackElo "2200"]
[Result "0-1"]
[Round "09"]
[TimeControl "180+1"]
[Date "2022.08.18"]
[WhiteClock "0:00:00"]
[BlackClock "0:00:00"]

1. d4 d5 2. c4 c6 3. Nf3 Nf6 4. Qb3 dxc4 5. Qxc4 Bf5 6. Nc3 e6 7. g3 Be7 8. Bg2 Nbd7 9. O-O O-O 10. Qb3 Qb6 11. Nd2 Nd5 12. e4 Nxc3 13. bxc3 Bg6 14. Nc4 Qa6 15. Bf4 Nf6 16. Rfe1 Rfd8 17. Rab1 b5 18. Ne5 Rac8 19. f3 Qa3 20. Bf1 a6 21. Be3 Nd7 22. Nxg6 hxg6 23. c4 Qa5 24. Ra1 Bb4 25. Rec1 Bd2 26. Rc2 Bxe3+ 27. Qxe3 Nf6 28. c5 Nd7 29. a4 b4 30. Qe2 Ra8 31. Qc4 Rdb8 32. Rb2 Nf6 33. Rab1 Qxa4 34. Rxb4 Rxb4 35. Qxb4 Qxb4 36. Rxb4 a5 37. Ra4 Nd7 38. f4 Kf8 39. Kf2 Ke7 40. Ke3 Kd8 41. Kd3 Kc7 42. Kc3 Nf6 43. Bd3 Ng4 44. h3 Nf2 45. h4 Nxd3 46. Kxd3 Kb7 47. Kc4 Ka6 48. d5 exd5+ 49. exd5 cxd5+ 50. Kxd5 Rd8+ 51. Kc6 Rc8+ 52. Kd6 Kb5 53. Ra1 Rc6+ 0-1


[Site "https://www.chess.com"]

[Event "Titled Tuesday Blitz August 16 Late 2022"]
[White "Shimanov, Aleksandr"]
[Black "Grischuk, Alexander"]
[WhiteFideId "4198603"]
[BlackFideId "4126025"]
[WhiteElo "2605"]
[BlackElo "2762"]
[Result "1-0"]
[Round "09"]
[TimeControl "180+1"]
[Date "2022.08.16"]
[WhiteClock "0:00:03"]
[BlackClock "0:00:03"]

1. e4 c5 2. Nf3 Nc6 3. Nc3 g6 4. d4 cxd4 5. Nxd4 Bg7 6. Nxc6 bxc6 7. Bc4 d6 8. O-O Qc7 9. Re1 Nf6 10. Bg5 h6 11. Bh4 O-O 12. Qd2 Kh7 13. Rad1 a5 14. b3 Ba6 15. Bxa6 Rxa6 16. Na4 Re8 17. c4 Nd7 18. f4 Ra7 19. Bf2 Rb7 20. h3 c5 21. Qd3 Qc6 22. Re2 Nf8 23. Qd5 Qxd5 24. exd5 Nd7 25. Be1 Ra7 26. Bd2 Kg8 27. Rde1 Kf8 28. g4 Bf6 29. Kg2 Rb8 30. Kg3 Nb6 31. Nc3 Bxc3 32. Bxc3 a4 33. f5 gxf5 34. gxf5 f6 35. Bd2 axb3 36. axb3 h5 37. Kh4 Kf7 38. Rg1 Rg8 39. Rxg8 Kxg8 40. Kxh5 Kf7 41. Bh6 Nd7 42. Rg2 Ne5 43. Rg7+ Ke8 44. Rg8+ Kd7 45. Rg3 Ra2 46. Bf4 Rf2 47. Bxe5 dxe5 48. Kg6 Kd6 49. h4 e4 50. h5 Rf3 51. Rg4 Ke5 52. h6 e3 53. h7 Rh3 54. Rg1 e2 55. Re1 Rh2 56. Rxe2+ Rxe2 57. h8=Q Rg2+ 58. Kf7 1-0


[Site "https://www.chess.com"]

[Event "Titled Tuesday Blitz August 16 Late 2022"]
[White "So, Wesley"]
[Black "Naroditsky, Daniel"]
[WhiteFideId "5202213"]
[BlackFideId "2026961"]
[WhiteElo "2763"]
[BlackElo "2628"]
[Result "0-1"]
[Round "09"]
[TimeControl "180+1"]
[Date "2022.08.16"]
[WhiteClock "0:00:03"]
[BlackClock "0:00:15"]

1. e4 e5 2. Nf3 Nc6 3. Bc4 Nf6 4. d3 h6 5. O-O d6 6. c3 g5 7. Nbd2 Bg7 8. Bb3 g4 9. Ne1 h5 10. f4 exf4 11. Rxf4 Qe7 12. d4 Bd7 13. Nd3 O-O-O 14. Rf1 Rdf8 15. Qe2 g3 16. h3 Re8 17. Nf4 h4 18. Qd3 Bh6 19. Bc2 Kb8 20. b4 Nd8 21. a4 Bxf4 22. Rxf4 Ne6 23. Rf1 Ng5 24. Rf4 Bxh3 25. Nf3 Bxg2 26. Nxg5 h3 27. Bd2 Reg8 28. Nf3 Ng4 29. Rxg4 Rxg4 30. e5 dxe5 31. Nxe5 Bd5 32. Nxg4 h2+ 33. Nxh2 gxh2+ 34. Kf2 h1=Q 0-1


[Site "https://www.chess.com"]

[Event "Titled Tuesday Blitz August 16 Late 2022"]
[White "Stanojoski, Zvonko"]
[Black "Martin Barcelo, Carles"]
[WhiteFideId "15000257"]
[BlackFideId "24561444"]
[WhiteElo "2364"]
[BlackElo "1922"]
[Result "0-1"]
[Round "09"]
[TimeControl "180+1"]
[Date "2022.08.18"]
[WhiteClock "0:00:00"]
[BlackClock "0:00:00"]

1. e4 e6 2. d4 d5 3. Nd2 dxe4 4. Nxe4 Nd7 5. Nf3 Ngf6 6. Nxf6+ Nxf6 7. Bd3 Be7 8. Qe2 O-O 9. Bg5 Nd5 10. Bxe7 Qxe7 11. O-O-O Nf4 12. Qe4 Nxd3+ 13. Rxd3 Bd7 14. d5 Qf6 15. Ne5 Rad8 16. Nxd7 Rxd7 17. dxe6 Rxd3 18. Qxd3 Qxe6 19. Kb1 Qe5 20. a3 c6 21. h3 h6 22. Rd1 Re8 23. Qd7 Qe7 24. Qxe7 Rxe7 25. Kc1 f5 26. Rd8+ Kf7 27. Kd2 Ke6 28. Ke3 Ke5 29. g3 g5 30. Rh8 Kf6+ 31. Kf3 Kg7 32. Rb8 Rd7 33. h4 Kg6 34. hxg5 hxg5 35. Ke2 Kf6 36. f4 b6 37. Rf8+ Ke6 38. fxg5 Rg7 39. Rf6+ Ke5 40. Rxc6 Rxg5 41. Kf3 Rg7 42. Rc3 Rd7 43. Re3+ Kf6 44. Rd3 Rc7 45. c3 Ke5 46. Re3+ Kf6 47. b3 Rd7 48. Ke2 Rh7 49. Kd3 Rh3 50. Kd4 Rh1 51. a4 Ra1 52. Kc4 a6 53. Rd3 Ke5 54. Rd5+ Ke6 55. Rd3 Rh1 56. Kb4 Rh3 57. Kc4 Ke5 58. Re3+ Kf6 59. Kd4 Rh1 60. c4 Rd1+ 61. Rd3 Rc1 62. Rc3 Rd1+ 63. Ke3 Rg1 64. Kf2 Rb1 65. Kf3 Rf1+ 66. Ke2 Rb1 67. Re3 Rb2+ 68. Kf3 Rb1 69. Rd3 Ke5 70. Ke3 Re1+ 71. Kd2 Rg1 72. Kc3 Rh1 73. c5 Rc1+ 74. Kd2 Rxc5 75. Ke3 Rc1 76. Kf3 Rf1+ 77. Ke2 Rb1 78. Kf3 Rb2 79. Ke3 Rg2 80. Kf3 Rh2 81. Re3+ Kf6 82. Rc3 Rh6 83. Rc6+ Kg5 84. Rxh6 Kxh6 85. Kf4 Kg6 86. b4 Kf6 0-1


[Site "https://www.chess.com"]

[Event "Titled Tuesday Blitz August 16 Late 2022"]
[White "Thomforde-Toates, Noah"]
[Black "Proudian, Armen"]
[WhiteFideId "30951992"]
[BlackFideId "2130734"]
[WhiteElo "2622"]
[BlackElo "2380"]
[Result "0-1"]
[Round "09"]
[TimeControl "180+1"]
[Date "2022.08.16"]
[WhiteClock "0:00:21"]
[BlackClock "0:00:17"]

1. d4 Nf6 2. Nc3 d5 3. Bf4 c5 4. e3 cxd4 5. exd4 a6 6. Nf3 Bg4 7. h3 Bh5 8. g4 Bg6 9. Bd3 Nc6 10. Ne5 Bxd3 11. Qxd3 e6 12. a3 Nxe5 13. Bxe5 Bd6 14. Bxd6 Qxd6 15. Qe3 h5 16. g5 Nd7 17. h4 O-O-O 18. O-O-O Kb8 19. Rde1 g6 20. Qg3 Nb6 21. Qxd6+ Rxd6 22. Nb1 Rc8 23. b3 Rdc6 24. c3 a5 25. a4 R8c7 26. Kd2 Nc8 27. f3 Nd6 28. Rc1 Nf5 29. Kd3 Rb6 30. Nd2 Ka7 31. Rb1 Ka6 32. b4 axb4 33. cxb4 Ka7 34. b5 Rd6 35. a5 b6 36. a6 Rd8 37. Rbc1 Rdc8 38. Rxc7+ Rxc7 39. f4 Ng3 40. Rh3 Nf5 41. Rh1 Nd6 42. Rb1 Kb8 43. Nf3 Nf5 44. Rh1 Rc4 45. Ra1 Ka8 46. Ne5 Rxd4+ 47. Kc3 Rxf4 48. a7 Nd6 49. Nd7 Nxb5+ 50. Kd3 Nxa7 51. Nxb6+ Kb7 52. Nd7 Nc6 53. Nf6 Rxh4 54. Rb1+ Rb4 55. Rf1 Ne5+ 56. Kc3 Rc4+ 57. Kb3 Kc6 58. Ra1 h4 59. Rh1 Nf3 60. Ra1 Nxg5 61. Ra6+ Kb7 62. Rd6 h3 63. Rd8 Rc8 64. Rd7+ Kc6 65. Ra7 h2 66. Ra1 Rh8 67. Rh1 e5 68. Ng4 Kd6 69. Nxh2 Nf3 70. Rf1 Nxh2 71. Rxf7 Kc5 72. Rc7+ Kd4 73. Rg7 Rb8+ 74. Kc2 Rb6 75. Rf7 e4 76. Rf2 Nf3 77. Rg2 g5 78. Rg4 Ke3 79. Kd1 d4 80. Rg2 d3 81. Kc1 Rc6+ 82. Kb1 d2 83. Rxd2 Nxd2+ 84. Ka1 Kd3 85. Ka2 Kc3 86. Ka1 Kc2 87. Ka2 Ra6# 0-1


[Site "https://www.chess.com"]

[Event "Titled Tuesday Blitz August 16 Late 2022"]
[White "Urazayev, Arystanbek"]
[Black "Fus, Jakub"]
[WhiteFideId "13709810"]
[BlackFideId "1193023"]
[WhiteElo "2441"]
[BlackElo "2220"]
[Result "0-1"]
[Round "09"]
[TimeControl "180+1"]
[Date "2022.08.16"]
[WhiteClock "0:00:09"]
[BlackClock "0:00:18"]

1. e4 e5 2. Nf3 Nc6 3. Bc4 Bc5 4. d3 Nf6 5. O-O d6 6. a4 a5 7. Nc3 h6 8. Be3 Bxe3 9. fxe3 O-O 10. Qe1 Nb4 11. Rc1 c6 12. Bb3 Re8 13. Nh4 d5 14. exd5 cxd5 15. e4 Be6 16. Kh1 Rc8 17. Na2 Nc6 18. Nc3 Nd4 19. Bxd5 Nxd5 20. exd5 Bxd5 21. Nxd5 Qxd5 22. c3 Nb3 23. Rd1 Nc5 24. Nf5 Rc6 25. d4 Ne4 26. Ne3 Qb3 27. d5 Rg6 28. Nf5 Nd6 29. Nh4 Rg4 30. Qf2 Rf4 31. Qc5 Ne4 32. Qc7 Nf2+ 33. Rxf2 Rxf2 34. Rg1 Qxa4 35. Qb6 Qxh4 36. d6 e4 37. d7 Rd8 38. Rd1 Re2 39. h3 Re1+ 40. Rxe1 Qxe1+ 41. Kh2 Qh4 42. Qc7 Qe7 43. Qe5 Qxe5+ 44. Kg1 e3 45. Kf1 Qf4+ 46. Ke2 Qf2+ 47. Kd3 Rxd7+ 48. Kc4 e2 49. b4 e1=Q 50. Kb5 Qee2+ 51. c4 Rd5+ 52. Ka4 Qa2# 0-1


[Site "https://www.chess.com"]

[Event "Titled Tuesday Blitz August 16 Late 2022"]
[White "Uskov, Artem"]
[Black "Bogaudinov, Rushan"]
[WhiteFideId "34254854"]
[BlackFideId "4129288"]
[WhiteElo "2335"]
[BlackElo "2040"]
[Result "1-0"]
[Round "09"]
[TimeControl "180+1"]
[Date "2022.08.16"]
[WhiteClock "0:02:00"]
[BlackClock "0:01:47"]

1. e4 c5 2. Nf3 d6 3. d4 cxd4 4. Nxd4 Nf6 5. Nc3 a6 6. Bg5 Nbd7 7. f4 Qc7 8. Qf3 h6 9. Bh4 e5 10. Nf5 g6 11. Ne3 exf4 12. Ned5 Nxd5 13. Nxd5 Qa5+ 14. b4 Ne5 15. bxa5 Nxf3+ 16. gxf3 Rb8 17. O-O-O g5 18. Bf2 Bd7 19. Bd4 f6 20. Nxf6+ 1-0


[Site "https://www.chess.com"]

[Event "Titled Tuesday Blitz August 16 Late 2022"]
[White "Vasquez Schroeder, Rodrigo"]
[Black "Badmatsyrenov, Oleg"]
[WhiteFideId "3400042"]
[BlackFideId "24115762"]
[WhiteElo "2567"]
[BlackElo "2403"]
[Result "1-0"]
[Round "09"]
[TimeControl "180+1"]
[Date "2022.08.16"]
[WhiteClock "0:00:12"]
[BlackClock "0:00:04"]

1. e4 c5 2. Nf3 e6 3. d4 cxd4 4. Nxd4 a6 5. Bd3 Bc5 6. Nb3 Be7 7. Qg4 g6 8. Qe2 d6 9. Na3 Nc6 10. Nc4 b5 11. Ne3 Nf6 12. a4 b4 13. a5 O-O 14. Nc4 Bb7 15. O-O d5 16. Nb6 Rb8 17. exd5 Nxd5 18. Nc4 Qc7 19. Be4 Rfd8 20. g3 Bf6 21. Rd1 Ne5 22. Nxe5 Bxe5 23. Re1 Bf6 24. Rb1 Rbc8 25. Qf3 Bg7 26. Bg5 Re8 27. Qe2 Qc4 28. Qxc4 Rxc4 29. Bd3 Rc7 30. Bd2 Rec8 31. Rec1 h5 32. h4 Nf6 33. Bxb4 Ng4 34. Bd6 Rd7 35. Bc5 Ne5 36. Be2 Nf3+ 37. Bxf3 Bxf3 38. Be3 Rb7 39. Nc5 Rb5 40. b4 Bc3 41. Nd3 Rcb8 42. Bb6 Bd5 43. Kf1 Rc8 44. Ke2 Bc4 45. Ke3 Rd5 46. Bc5 f5 47. Rd1 e5 48. f3 Rcd8 49. Nf2 f4+ 50. gxf4 exf4+ 51. Kxf4 Rf5+ 52. Kg3 Re8 53. Ne4 Be2 54. Rd3 Bxd3 55. cxd3 Be5+ 56. Kg2 Bf4 57. Re1 Kh8 58. Bd4+ Kg8 59. Nf6+ Kf7 60. Rxe8 Rd5 61. Nxd5 1-0


[Site "https://www.chess.com"]

[Event "Titled Tuesday Blitz August 16 Late 2022"]
[White "Vlassov, Nikolai"]
[Black "Potapova, Margarita"]
[WhiteFideId "4103360"]
[BlackFideId "14126869"]
[WhiteElo "2324"]
[BlackElo "2225"]
[Result "1-0"]
[Round "09"]
[TimeControl "180+1"]
[Date "2022.08.16"]
[WhiteClock "0:00:41"]
[BlackClock "0:00:36"]

1. e4 c5 2. c3 d5 3. exd5 Qxd5 4. d4 Nf6 5. Nf3 e6 6. a3 cxd4 7. cxd4 Nc6 8. Nc3 Qd6 9. Be3 Be7 10. Qc2 O-O 11. Bd3 g6 12. O-O Rd8 13. Rac1 Bd7 14. Qd2 a6 15. Bf4 e5 16. dxe5 Qe6 17. Ng5 Qb3 18. exf6 Bxf6 19. Nce4 Bxg5 20. Bxg5 Bf5 21. Bxd8 Rxd8 22. Rc3 Qe6 23. Qe3 Ne5 24. Bc2 Ng4 25. Qf4 Rd4 26. h3 Ne5 27. Qe3 Rd8 28. Ng5 Qf6 29. Bxf5 Qxf5 30. Nf3 Nc6 31. Re1 Kg7 32. Rc5 Qd7 33. Ne5 1-0


[Site "https://www.chess.com"]

[Event "Titled Tuesday Blitz August 16 Late 2022"]
[White "Wiewiora, Eneasz"]
[Black "Karaev, Seit-Amet"]
[WhiteFideId "1140396"]
[BlackFideId "4169549"]
[WhiteElo "2291"]
[BlackElo "2272"]
[Result "1-0"]
[Round "09"]
[TimeControl "180+1"]
[Date "2022.08.16"]
[WhiteClock "0:00:08"]
[BlackClock "0:00:21"]

1. e4 Nf6 2. e5 Nd5 3. d4 d6 4. c4 Nb6 5. exd6 cxd6 6. Nc3 g6 7. Be3 Bg7 8. Rc1 O-O 9. b3 Nc6 10. d5 Ne5 11. Be2 h5 12. h3 e6 13. f4 Qh4+ 14. Kf1 Ng4 15. Bxg4 hxg4 16. Qxg4 Qh8 17. Nb5 exd5 18. Qf3 dxc4 19. bxc4 Bb2 20. Rd1 Nxc4 21. Bd4 Bxd4 22. Nxd4 Re8 23. Kf2 Bd7 24. Nge2 Rac8 25. f5 g5 26. f6 Qh4+ 27. g3 Qh6 28. h4 g4 29. Qf4 Qh7 30. h5 Re4 31. Qg5+ Kf8 32. h6 Qg6 33. Qxg6 fxg6 34. h7 Kf7 35. h8=Q Rxh8 36. Rxh8 Ne3 37. Rd3 Kxf6 38. Rxe3 d5 39. Rxe4 dxe4 40. Rf8+ 1-0


[Site "https://www.chess.com"]

[Event "Titled Tuesday Blitz August 16 Late 2022"]
[White "Wu, Rochelle"]
[Black "Mendez Fortes, Eduardo Jesus"]
[WhiteFideId "30908132"]
[BlackFideId "3502376"]
[WhiteElo "2168"]
[BlackElo "2307"]
[Result "1-0"]
[Round "09"]
[TimeControl "180+1"]
[Date "2022.08.18"]
[WhiteClock "0:00:00"]
[BlackClock "0:00:00"]

1. d4 Nf6 2. c4 e6 3. Nc3 Bb4 4. Qc2 O-O 5. a3 Bxc3+ 6. Qxc3 b6 7. Bg5 Bb7 8. e3 h6 9. Bh4 d6 10. Ne2 Nbd7 11. Qc2 c5 12. Rd1 Qc7 13. Nc3 a6 14. Be2 Rac8 15. O-O e5 16. d5 Rce8 17. Bd3 b5 18. cxb5 c4 19. Be2 axb5 20. Nxb5 Qc5 21. Qxc4 Qb6 22. Qb4 Nc5 23. Bxf6 gxf6 24. Qg4+ Kh8 25. Qh4 Kg7 26. f4 Ne4 27. Rf3 exf4 28. Qxf4 Re5 29. h4 Rfe8 30. Rd4 f5 31. Bd3 Bxd5 32. Bxe4 Bxe4 33. Rg3+ Kh7 34. Rxd6 R5e6 35. Rxb6 Rxb6 36. Nd6 1-0


[Site "https://www.chess.com"]

[Event "Titled Tuesday Blitz August 16 Late 2022"]
[White "Yaksin, Oleg"]
[Black "Senthil Maran K"]
[WhiteFideId "24105880"]
[BlackFideId "25035681"]
[WhiteElo "2256"]
[BlackElo "2124"]
[Result "1-0"]
[Round "09"]
[TimeControl "180+1"]
[Date "2022.08.16"]
[WhiteClock "0:00:04"]
[BlackClock "0:00:01"]

1. d4 d5 2. c4 c6 3. cxd5 cxd5 4. Bg5 h6 5. Bh4 Nd7 6. Nc3 Ngf6 7. e3 e6 8. Bd3 Be7 9. f4 a6 10. Nf3 Ng4 11. Bxe7 Qxe7 12. Qd2 b5 13. O-O Nb6 14. Ne5 Nf6 15. b3 O-O 16. Rac1 b4 17. Ne2 a5 18. Ng3 Ba6 19. Rc6 Bxd3 20. Qxd3 Rfb8 21. Rfc1 a4 22. Rc7 Nbd7 23. Nc6 Qe8 24. Nxb8 Rxb8 25. bxa4 Nb6 26. Qb5 Nxa4 27. Qxb8 Qxb8 28. Rc8+ Qxc8 29. Rxc8+ Kh7 30. Rb8 Nc3 31. Rxb4 Nxa2 32. Rb3 Nc1 33. Rc3 Na2 34. Rb3 Kg6 35. Ne2 Ne4 36. Rb2 Nac3 37. Nxc3 Nxc3 38. Rb3 Ne4 39. h3 h5 40. Ra3 h4 41. Ra7 f6 42. Kf1 Ng3+ 43. Ke1 Nf5 44. Kf2 Nd6 45. Kf3 Ne4 46. Re7 Nd2+ 47. Ke2 Ne4 48. Rxe6 Kf7 49. Ra6 Ke7 50. Kf3 Kf7 51. Ra7+ Kg6 52. f5+ Kxf5 53. Rxg7 Nd2+ 54. Ke2 Ne4 55. Rg8 Nc3+ 56. Kd3 Nd1 57. Ke2 Nc3+ 58. Kf2 Nd1+ 59. Kf3 Nc3 60. Rh8 Kg5 61. Rg8+ Kf5 62. Rd8 Ke6 63. g4 hxg3 64. Kxg3 Kf5 65. Kf3 Kg5 66. Rg8+ Kf5 67. Rh8 Kg5 68. h4+ Kg6 69. Rg8+ Kh5 70. Rh8+ Kg6 71. Kg4 Ne4 72. h5+ Kg7 73. Ra8 Nd6 74. Ra6 Nc4 75. e4 dxe4 76. Kf5 e3 77. Ra7+ Kh6 78. Kxf6 Nd6 79. Re7 e2 80. Rxe2 Kxh5 81. d5 1-0


[Site "https://www.chess.com"]

[Event "Titled Tuesday Blitz August 16 Late 2022"]
[White "Yanchenko, Roman"]
[Black "Fier, Alexandr"]
[WhiteFideId "4137329"]
[BlackFideId "2107139"]
[WhiteElo "2514"]
[BlackElo "2598"]
[Result "1-0"]
[Round "09"]
[TimeControl "180+1"]
[Date "2022.08.16"]
[WhiteClock "0:00:14"]
[BlackClock "0:00:10"]

1. d4 Nf6 2. c4 c5 3. e3 cxd4 4. exd4 d5 5. Nc3 g6 6. Nf3 Bg7 7. h3 O-O 8. Be3 Nc6 9. a3 dxc4 10. Bxc4 Na5 11. Ba2 Bd7 12. Ne5 Nc6 13. O-O e6 14. Qf3 Nxe5 15. dxe5 Bc6 16. exf6 Bxf3 17. fxg7 Kxg7 18. gxf3 Qh4 19. Kg2 Rfd8 20. Ne4 h6 21. Rad1 Qe7 22. Bc5 Qc7 23. Bd6 Qa5 24. Be7 Rxd1 25. Bf6+ Kg8 26. Rxd1 Qb5 27. Bc3 g5 28. Nf6+ Kg7 29. Rd7 Rc8 30. Bxe6 Rxc3 31. Rxf7+ Kg6 32. bxc3 Qc6 33. Bd5 Qxc3 34. Ng8 Qxa3 35. Ne7+ Kh5 36. Be4 g4 37. Rf5+ Kh4 38. Ng6# 1-0


[Site "https://www.chess.com"]

[Event "Titled Tuesday Blitz August 16 Late 2022"]
[White "Yurovskykh, Oleksandr"]
[Black "Nozdrachev, Leonid"]
[WhiteFideId "14134020"]
[BlackFideId "24113433"]
[WhiteElo "2292"]
[BlackElo "2100"]
[Result "1-0"]
[Round "09"]
[TimeControl "180+1"]
[Date "2022.08.16"]
[WhiteClock "0:02:26"]
[BlackClock "0:01:35"]

1. d4 d6 2. c4 e5 3. d5 Be7 4. Nc3 f5 5. e4 Bg5 6. Qh5+ g6 7. Qxg5 Qxg5 8. Bxg5 f4 9. f3 a6 10. Nge2 Nd7 11. Nc1 h6 12. Bh4 g5 13. Bf2 Ngf6 14. Nd3 b6 15. Be2 Kf7 16. Kd2 Rb8 17. b4 h5 18. Rab1 g4 19. c5 Nf8 20. cxd6 cxd6 21. b5 N8d7 22. Nb2 a5 23. Nc4 1-0


[Site "https://www.chess.com"]

[Event "Titled Tuesday Blitz August 16 Late 2022"]
[White "Zou, Chen"]
[Black "Tristan, Leonardo"]
[WhiteFideId "8610959"]
[BlackFideId "113816"]
[WhiteElo "2276"]
[BlackElo "2404"]
[Result "1-0"]
[Round "09"]
[TimeControl "180+1"]
[Date "2022.08.16"]
[WhiteClock "0:00:09"]
[BlackClock "0:00:45"]

1. e4 d5 2. exd5 Qxd5 3. Nc3 Qa5 4. d4 Nf6 5. Nf3 Bf5 6. Bc4 e6 7. Bd2 Bb4 8. a3 Bxc3 9. Bxc3 Qb6 10. d5 exd5 11. Bxd5 O-O 12. O-O Bxc2 13. Bxf7+ Rxf7 14. Qxc2 Nc6 15. Rad1 Raf8 16. Ng5 Re7 17. Rfe1 Rxe1+ 18. Rxe1 Nd4 19. Qd3 c5 20. Qc4+ Kh8 21. Nf7+ Kg8 22. Nh6+ Kh8 23. Re8 Ne2+ 24. Kh1 1-0


[Site "https://www.chess.com"]

[Event "Titled Tuesday Blitz August 16 Late 2022"]
[White "Acosta Cruz, Oscar Yosimar"]
[Black "Kashtanov, Ruslan"]
[WhiteFideId "5111269"]
[BlackFideId "4124871"]
[WhiteElo "2147"]
[BlackElo "2168"]
[Result "0-1"]
[Round "10"]
[TimeControl "180+1"]
[Date "2022.08.18"]
[WhiteClock "0:00:00"]
[BlackClock "0:00:00"]

1. b3 e5 2. Bb2 Nc6 3. d3 d5 4. Nd2 g6 5. g3 Bg7 6. Bg2 Nge7 7. e4 O-O 8. Ne2 f5 9. exf5 Bxf5 10. O-O Qd7 11. Nf3 Bg4 12. Nc3 Qf5 13. Nh4 Qe6 14. f3 Bh3 15. Bxh3 Qxh3 16. Qe2 Nd4 17. Qf2 g5 18. Nxd5 Nxd5 19. Bxd4 exd4 20. Ng2 Ne3 21. Nxe3 dxe3 22. Qxe3 Bxa1 23. Rxa1 Qf5 0-1


[Site "https://www.chess.com"]

[Event "Titled Tuesday Blitz August 16 Late 2022"]
[White "Akbas, Umut Ata"]
[Black "Sourath Biswas"]
[WhiteFideId "44572646"]
[BlackFideId "35091484"]
[WhiteElo "1654"]
[BlackElo "1777"]
[Result "1-0"]
[Round "10"]
[TimeControl "180+1"]
[Date "2022.08.16"]
[WhiteClock "0:01:22"]
[BlackClock "0:00:09"]

1. Nf3 Nf6 2. b3 g6 3. Bb2 Bg7 4. e3 O-O 5. c4 b6 6. Be2 Bb7 7. O-O d6 8. d4 e5 9. dxe5 Ng4 10. Nbd2 Nxe5 11. Qc2 Qe7 12. Nxe5 dxe5 13. Bf3 Nc6 14. c5 Nb4 15. Qc4 Bxf3 16. Nxf3 Qxc5 17. Qxc5 bxc5 18. Bxe5 Rfd8 19. Bxg7 Kxg7 20. Rfc1 Nd3 21. Rc3 Rd6 22. Kf1 Re8 23. a3 a5 24. Ke2 Nf4+ 25. Kf1 Nd3 26. g3 Ne5 27. Nxe5 Rxe5 28. Rac1 Rb6 29. Rxc5 Rxc5 30. Rxc5 Rxb3 31. Rxa5 c5 32. Ke2 c4 33. e4 Rb2+ 34. Ke3 c3 35. Rc5 Rb3 36. a4 Ra3 37. a5 c2+ 38. Kd2 Ra2 39. f4 Kf6 40. Rc6+ Ke7 41. a6 Kd7 42. Rb6 h5 43. h3 Ke7 44. g4 hxg4 45. hxg4 Kd7 46. e5 Ke7 47. f5 gxf5 48. gxf5 Ra5 49. Rb7+ Kf8 50. a7 Kg7 51. e6 Rc5 52. Rxf7+ Kh6 53. Kc1 Rc8 54. e7 1-0


[Site "https://www.chess.com"]

[Event "Titled Tuesday Blitz August 16 Late 2022"]
[White "Al-Tarboush, Ward"]
[Black "Isajevsky, Anton"]
[WhiteFideId "7601450"]
[BlackFideId "4142500"]
[WhiteElo "2234"]
[BlackElo "2510"]
[Result "0-1"]
[Round "10"]
[TimeControl "180+1"]
[Date "2022.08.16"]
[WhiteClock "0:01:50"]
[BlackClock "0:00:51"]

1. e4 c5 2. Nf3 d6 3. d4 cxd4 4. Nxd4 Nf6 5. Nc3 a6 6. h3 e5 7. Nde2 h5 8. Bg5 Nbd7 9. Nd5 Be7 10. Nec3 Nxd5 11. Bxe7 Nxe7 12. Qxd6 Qb6 13. Qa3 Qc5 14. Qb3 O-O 15. O-O-O Nf6 16. g4 Be6 17. Nd5 Nfxd5 18. exd5 Bxd5 19. Qg3 Bxh1 20. gxh5 Be4 21. c3 Rfd8 22. Rxd8+ Rxd8 23. h6 Nf5 24. Qg5 f6 25. Qg6 Qd5 26. Bc4 Qxc4 0-1


[Site "https://www.chess.com"]

[Event "Titled Tuesday Blitz August 16 Late 2022"]
[White "Alexikov, Alexander"]
[Black "McBryde, Lamel"]
[WhiteFideId "14103958"]
[BlackFideId "2058596"]
[WhiteElo "2253"]
[BlackElo "2136"]
[Result "1-0"]
[Round "10"]
[TimeControl "180+1"]
[Date "2022.08.18"]
[WhiteClock "0:00:00"]
[BlackClock "0:00:00"]

1. e4 Nf6 2. e5 Nd5 3. d4 Nb6 4. Nf3 d5 5. h3 Bf5 6. c3 e6 7. Bg5 Be7 8. Bxe7 Qxe7 9. Nbd2 c5 10. Nb3 c4 11. Nc1 Nc6 12. Ne2 f6 13. Ng3 Bg6 14. Be2 fxe5 15. dxe5 Nd7 16. O-O Ndxe5 17. Nxe5 Nxe5 18. Re1 O-O 19. Qd2 Rae8 20. b3 b5 21. a4 a6 22. axb5 axb5 23. bxc4 bxc4 24. Ra6 Qh4 25. Bf1 Qf6 26. Qe3 Nd3 27. Bxd3 cxd3 28. Nf1 Bf5 29. Qd4 e5 30. Qxd5+ Kh8 31. Rxf6 1-0


[Site "https://www.chess.com"]

[Event "Titled Tuesday Blitz August 16 Late 2022"]
[White "Altman, Joshua"]
[Black "Thomforde-Toates, Noah"]
[WhiteFideId "426210"]
[BlackFideId "30951992"]
[WhiteElo "1945"]
[BlackElo "2612"]
[Result "1/2-1/2"]
[Round "10"]
[TimeControl "180+1"]
[Date "2022.08.16"]
[WhiteClock "0:00:23"]
[BlackClock "0:00:51"]

1. d4 Nf6 2. c4 g6 3. Nc3 Bg7 4. Nf3 d6 5. Bg5 O-O 6. e3 Nbd7 7. Be2 b6 8. Qc2 Bb7 9. O-O e6 10. Rfd1 Qe7 11. Rac1 a6 12. b4 a5 13. a3 axb4 14. axb4 h6 15. Bh4 g5 16. Bg3 Nh5 17. Nd2 Nxg3 18. hxg3 f5 19. Nb5 c6 20. Nc3 c5 21. bxc5 bxc5 22. d5 Bxc3 23. Qxc3 e5 24. e4 f4 25. Bg4 Nf6 26. Be6+ Kg7 27. Rb1 Bc8 28. Bxc8 Raxc8 29. Rb6 fxg3 30. Qxg3 Nh5 31. Qg4 Nf4 32. Rdb1 h5 33. Rb7 hxg4 34. Rxe7+ Rf7 35. Rxf7+ Kxf7 36. Rb7+ Ke8 37. Nb3 Ne2+ 38. Kf1 Nc3 39. f3 gxf3 40. gxf3 g4 41. Kg2 gxf3+ 42. Kxf3 Ra8 43. Kg4 Ra2 44. Kf5 Rh2 45. Na5 Rh5+ 46. Kg6 Rh4 47. Nc6 Nxe4 48. Kf5 Ng3+ 49. Kg5 Rh1 50. Kf6 Ne4+ 51. Kf5 Nd2 52. Kg6 Ne4 53. Re7+ Kf8 54. Rf7+ Ke8 55. Re7+ Kf8 56. Rf7+ Ke8 57. Re7+ 1/2-1/2


[Site "https://www.chess.com"]